Map: Catalyst LE

Players

Neuro - Winner!

  • Race: Zerg Zerg
  • League: Grandmaster
  • Spawn Location: 11:00

HumanHarvest

  • Race: Terran Terran
  • League: Grandmaster
  • Spawn Location: 5:00

VOD

Have the link to the VOD?

Description

Time

  • Played on: Feb. 17, 2018, 10:23 a.m.
  • Length: 25:08
Show
View Real Time Build Order
Export as new Build Order

Neuro Zerg - Winner!

Build Orders: Hatch First, Swarm Host 

Get SALT Encoding   

  12  0:01  Drone  
  13  0:13  Overlord  
  13  0:17  Drone  
  14  0:31  Drone x2  
  14  0:35  Drone  
  17  0:53  Hatchery  
  17  0:55  Drone  
  17  0:59  Drone  
  18  1:11  Extractor  
  17  1:13  Spawning Pool  
  17  1:17  Drone  
  17  1:20  Drone  
  18  1:28  Drone  
  19  1:40  Overlord  
  19  1:50  Drone  
  20  2:00  Queen  
  22  2:04  Queen  
  22  2:05  Zergling x4  
  26  2:12  Zergling x2  
  27  2:24  Hatchery, Drone  
  27  2:28  Drone  
  28  2:31  Drone  
  29  2:37  Drone  
  30  2:45  Metabolic Boost  
  30  2:51  Drone, Overlord  
  31  2:55  Pneumatized Carapace  
  31  3:01  Drone x2  
  31  3:04  Drone  
  34  3:09  Drone x2  
  36  3:17  Drone x4  
  40  3:23  Drone x2  
  40  3:24  Drone  
  43  3:28  Overlord  
  43  3:36  Drone  
  44  3:43  Zergling x4  
  46  3:48  Zergling x2  
  46  3:50  Queen x2  
  46  3:51  Queen  
  46  3:53  Zergling x2  
  54  4:00  Baneling Nest  
  53  4:12  Roach Warren  
  53  4:16  Drone x6  
  58  4:20  Overlord x2  
  59  4:25  Extractor  
  59  4:29  Lair  
  58  4:36  Overlord  
  58  4:37  Overlord, Queen x2  
  62  4:45  Baneling x3  
  62  4:46  Zergling x8  
  66  4:54  Overlord  
  66  4:55  Zergling x12  
  72  5:02  Spore Crawler  
  72  5:04  Spore Crawler  
  69  5:19  Drone x8, Spore Crawler  
  75  5:40  Drone x5  
  75  5:41  Drone x2  
  75  5:42  Evolution Chamber  
  81  5:43  Evolution Chamber  
  81  5:46  Drone x2  
  81  5:47  Overlord  
  81  5:48  Overlord x2  
  82  5:50  Extractor  
  82  5:52  Hydralisk Den  
  80  6:02  Overlord  
  80  6:03  Drone x2  
  82  6:06  Drone x6  
  88  6:14  Zerg Missile Weapons Level 1, Zerg Ground Armor Level 1  
  88  6:15  Drone x3  
  88  6:16  Drone  
  92  6:19  Drone x3  
  92  6:20  Extractor x2  
  92  6:22  Grooved Spines  
  93  6:27  Overlord  
  93  6:28  Overlord  
  93  6:33  Extractor  
  88  6:41  Drone x3  
  88  6:42  Drone x4  
  95  6:50  Drone x6  
  101  6:54  Centrifical Hooks, Drone x2  
  103  7:13  Infestation Pit, Overlord x4  
  103  7:14  Hydralisk x2, Hatchery  
  97  7:23  Hydralisk  
  97  7:24  Hydralisk x2  
  102  7:33  Muscular Augments  
  102  7:35  Hydralisk x4  
  106  7:46  Overlord x2  
  106  8:03  Hydralisk x2  
  106  8:04  Hydralisk x7  
  122  8:17  Drone x9  
  131  8:24  Overlord, Zerg Missile Weapons Level 2  
  131  8:36  Zerg Ground Armor Level 2  
  131  8:45  Overlord x2  
  131  8:46  Hive  
  131  8:47  Zergling x22  
  142  8:54  Spine Crawler, Spore Crawler  
  140  8:56  Spine Crawler  
  140  8:57  Swarm Host  
  140  8:58  Swarm Host x2  
  148  9:11  Overseer  
  148  9:14  Extractor  
  148  9:17  Extractor  
  146  9:21  Swarm Host x5  
  146  9:22  Hatchery  
  160  9:30  Swarm Host x2  
  165  9:32  Hatchery  
  162  9:42  Drone x6  
  162  9:45  Zergling x4  
  169  9:46  Zergling x2  
  170  9:58  Swarm Host x7  
  191  10:00  Overseer  
  191  10:20  Adrenal Glands  
  191  10:21  Viper  
  191  10:23  Zergling x2  
  191  10:24  Zergling x10  
  192  10:46  Zerg Missile Weapons Level 3  
  192  10:51  Spire  
  192  10:52  Ultralisk Cavern  
  192  10:55  Hydralisk x3  
  196  11:12  Zerg Ground Armor Level 3  
  196  11:20  Hydralisk x2  
  196  11:24  Baneling x6  
  200  11:50  Hydralisk x2  
  192  11:57  Hydralisk  
  192  11:58  Hydralisk x12  
  189  12:02  Hydralisk x2  
  189  12:05  Zergling x16  
  199  12:13  Chitinous Plating  
  195  12:40  Hydralisk x3  
  195  12:41  Hydralisk x3  
  195  12:43  Hydralisk  
  195  12:44  Hydralisk x5  
  189  12:45  Zergling x6  
  189  12:47  Hydralisk  
  195  12:51  Overlord x3  
  195  12:54  Hydralisk  
  195  12:55  Hydralisk x4  
  195  13:12  Extractor  
  194  13:27  Zerg Flyer Armor Level 1  
  194  13:33  Extractor  
  184  13:58  Ultralisk x2  
  196  14:04  Overseer  
  196  14:07  Zerg Melee Weapons Level 1  
  196  14:12  Zergling x6  
  199  14:27  Overseer  
  199  14:28  Spine Crawler  
  199  14:29  Spine Crawler  
  199  14:31  Baneling x4  
  197  14:33  Baneling  
  197  14:34  Baneling  
  197  14:58  Zergling x8  
  191  15:01  Hydralisk  
  191  15:02  Hydralisk x7  
  186  15:08  Extractor, Hydralisk x12  
  186  15:13  Hydralisk  
  186  15:14  Hydralisk x7  
  199  15:26  Zerg Flyer Armor Level 2  
  199  15:32  Baneling x8  
  197  15:44  Spire  
  197  15:49  Zergling x4  
  200  15:50  Zergling x4  
  200  15:55  Hydralisk x8  
  200  15:56  Hydralisk x4  
  188  15:58  Hydralisk x9  
  188  16:00  Hydralisk x2  
  188  16:01  Hydralisk  
  190  16:08  Ultralisk x2  
  198  16:11  Baneling x7  
  198  16:12  Baneling  
  198  16:18  Overseer  
  198  16:19  Zergling x4  
  192  16:25  Zergling x6  
  192  16:26  Zergling x10  
  189  16:33  Zergling x16  
  189  16:34  Zergling x6  
  165  16:41  Drone x4  
  155  16:49  Ultralisk  
  161  16:55  Hydralisk x3  
  161  16:59  Zergling x6  
  170  17:02  Drone x2  
  169  17:21  Greater Spire  
  169  17:25  Hatchery  
  168  17:36  Viper x2  
  168  17:37  Viper  
  177  17:50  Ultralisk  
  177  17:51  Ultralisk  
  169  18:08  Corruptor x7  
  169  18:13  Zerg Melee Weapons Level 2  
  169  18:17  Zerg Flyer Weapons Level 1  
  169  18:22  Overlord x2  
  157  18:38  Hydralisk  
  157  18:39  Hydralisk x4  
  164  18:51  Ultralisk  
  170  19:05  Ultralisk x2  
  182  19:18  Drone x5  
  182  19:19  Drone  
  188  19:24  Zerg Flyer Armor Level 3  
  188  19:40  Ultralisk x2  
  200  20:16  Zerg Flyer Weapons Level 2  
  200  20:23  Hatchery, Spine Crawler  
  200  20:26  Spine Crawler  
  179  20:43  Corruptor x9  
  179  20:46  Zergling x18  
  148  21:05  Ultralisk x6  
  148  21:11  Zerg Melee Weapons Level 3  
  184  21:20  Baneling x8  
  184  21:22  Zergling x24  
  196  21:36  Spine Crawler x2  
  196  21:37  Spore Crawler  
  193  21:47  Extractor  
  193  21:50  Drone x2  
  193  21:51  Extractor  
  193  21:52  Hatchery  
  192  21:54  Drone x4  
  192  21:58  Brood Lord x2  
  200  22:20  Baneling  
  200  22:21  Baneling x9  
  190  22:31  Zergling x8  
  190  22:32  Zergling x22  
  190  22:34  Zergling x12  
  170  22:47  Zergling x14  
  170  22:48  Queen x5  
  187  22:55  Brood Lord x3  
  187  22:58  Extractor x2  
  191  23:07  Drone  
  191  23:12  Overseer  
  192  23:19  Extractor  
  191  23:21  Extractor  
  191  23:24  Zergling x18  
  191  23:25  Zergling x2  
  196  23:34  Queen  
  198  23:44  Brood Lord  
  198  23:48  Baneling x23  
  200  24:17  Baneling x5  
  200  24:18  Baneling  
  187  24:41  Zergling x38  
  187  24:42  Zergling x12  
  187  24:45  Spine Crawler x2  
  178  24:46  Spore Crawler  
Show
View Real Time Build Order
Export as new Build Order

HumanHarvest Terran 

Build Orders: Hellion Opening, Reaper Expand, Mech 

Get SALT Encoding   

  12  0:01  SCV  
  13  0:13  SCV  
  14  0:17  Supply Depot  
  14  0:25  SCV  
  15  0:30  Refinery  
  15  0:38  SCV  
  16  0:45  Barracks  
  16  0:51  SCV  
  17  1:03  SCV  
  18  1:15  SCV  
  19  1:32  Orbital Command, Reaper  
  20  1:44  Command Center  
  20  1:56  Factory  
  20  1:58  SCV  
  21  2:06  Refinery  
  21  2:09  Barracks Reactor  
  21  2:10  SCV  
  22  2:16  Supply Depot  
  22  2:23  SCV  
  23  2:38  SCV  
  24  2:50  Starport, SCV  
  25  2:53  Hellion x2  
  25  2:55  Barracks Tech Lab  
  25  2:58  Orbital Command  
  29  3:02  SCV  
  30  3:14  Hellion  
  30  3:15  SCV, Hellion  
  35  3:23  SCV  
  36  3:29  SCV  
  36  3:32  Viking  
  39  3:35  SCV  
  39  3:38  Supply Depot  
  39  3:39  Hellion  
  39  3:40  Hellion  
  44  3:43  SCV  
  44  3:47  SCV  
  46  3:55  Supply Depot  
  46  4:00  SCV  
  47  4:03  SCV  
  47  4:08  Hellion x2, Raven  
  54  4:16  SCV x2  
  56  4:24  Command Center  
  56  4:29  SCV  
  56  4:30  SCV  
  58  4:31  Supply Depot  
  58  4:40  Refinery  
  58  4:41  Refinery, SCV  
  58  4:42  SCV  
  60  4:46  Hellion  
  62  4:53  Hellion, SCV  
  62  4:54  SCV  
  66  5:01  Armory  
  66  5:02  Armory  
  66  5:05  SCV  
  66  5:06  SCV  
  68  5:17  SCV  
  68  5:21  Factory x2  
  69  5:31  SCV  
  69  5:34  Supply Depot x2  
  70  5:36  Hellion x2, SCV  
  73  5:47  SCV  
  73  5:48  Orbital Command  
  73  5:49  Terran Vehicle Weapons Level 1  
  74  5:50  Terran Vehicle And Ship Armor Level 1  
  74  5:54  SCV  
  75  5:59  SCV  
  75  6:02  Liberator x2  
  76  6:06  Factory Tech Lab  
  76  6:10  SCV  
  77  6:12  SCV  
  77  6:14  Supply Depot  
  77  6:15  Supply Depot, SCV  
  77  6:16  Engineering Bay  
  79  6:19  Factory Tech Lab  
  79  6:23  Siege Tank  
  79  6:24  SCV x2  
  88  6:42  Siege Tank x2  
  88  6:43  SCV  
  88  6:44  SCV x2  
  89  6:57  Siege Tank  
  89  7:00  Orbital Command  
  92  7:06  Factory  
  92  7:07  Factory  
  92  7:14  Siege Tank  
  85  7:23  Siege Tank  
  85  7:24  Viking  
  85  7:28  SCV x3  
  88  7:40  SCV x2, Siege Tank  
  88  7:41  Viking  
  88  7:43  SCV  
  96  7:45  Refinery x2  
  96  7:48  Supply Depot  
  96  7:49  Supply Depot  
  96  7:50  Hellion  
  96  7:51  Hellion x2  
  102  7:52  SCV  
  102  7:53  SCV  
  102  7:55  SCV  
  105  8:00  Supply Depot  
  105  8:02  Supply Depot x2  
  105  8:04  Supply Depot  
  105  8:05  SCV  
  106  8:09  Siege Tank  
  106  8:10  SCV x2  
  106  8:12  Factory Reactor  
  111  8:17  SCV  
  112  8:21  Sensor Tower  
  112  8:23  Command Center, Supply Depot  
  112  8:26  Supply Depot  
  106  8:32  Terran Vehicle And Ship Armor Level 2, Terran Vehicle Weapons Level 2  
  106  8:39  Viking x2  
  110  8:45  Hellion  
  110  8:46  Hellion x2  
  118  8:49  Supply Depot  
  118  8:52  Command Center  
  118  9:00  Missile Turret  
  118  9:01  Missile Turret x2  
  118  9:02  Missile Turret  
  118  9:04  Hellion x2  
  118  9:05  Infernal Pre-Igniter, Factory Tech Lab  
  118  9:06  Missile Turret  
  118  9:09  Siege Tank  
  123  9:16  Viking x2  
  127  9:19  Supply Depot  
  127  9:24  Siege Tank  
  126  9:40  Siege Tank x2  
  126  9:41  Hellion x2, Siege Tank  
  135  9:57  Siege Tank  
  135  9:59  Sensor Tower  
  138  10:02  Planetary Fortress, Hellion x2  
  138  10:04  SCV x3  
  138  10:05  Orbital Command  
  144  10:16  Hellion x2, Siege Tank  
  144  10:17  Viking x2  
  155  10:21  Refinery  
  155  10:22  Refinery  
  155  10:29  Missile Turret  
  155  10:30  Missile Turret  
  155  10:31  Sensor Tower  
  155  10:37  SCV x4  
  155  10:39  Hellion, Siege Tank x2  
  167  10:47  Cyclone, Hellion  
  167  10:48  Hellion  
  174  11:01  Hellion  
  176  11:09  Hellion x2  
  182  11:11  Hellion  
  182  11:12  Smart Servos  
  182  11:15  Siege Tank  
  181  11:18  Viking  
  181  11:19  Hellion, Viking  
  181  11:22  Hellion  
  189  11:30  Siege Tank  
  189  11:31  Hellion  
  189  11:32  Siege Tank  
  197  11:41  Hellion  
  197  11:43  Supply Depot  
  199  11:49  Missile Turret  
  199  11:50  Missile Turret  
  199  11:52  Cyclone  
  199  11:53  Siege Tank  
  200  11:55  Hellion  
  178  12:02  Hellion x2  
  178  12:04  Siege Tank  
  183  12:16  Hellion  
  185  12:23  Hellion, Siege Tank  
  185  12:24  Siege Tank  
  185  12:25  Siege Tank  
  196  12:36  Cyclone  
  199  12:42  Hellion  
  184  12:45  Hellion  
  148  12:55  Cyclone  
  148  12:56  Siege Tank  
  148  12:57  Siege Tank  
  137  13:03  Hellion  
  139  13:06  Hellion  
  139  13:08  Siege Tank  
  144  13:17  Factory  
  144  13:19  Factory  
  144  13:21  Factory  
  144  13:25  Hellion  
  146  13:28  Hellion, Siege Tank x2  
  146  13:30  Terran Vehicle Weapons Level 3, Terran Vehicle And Ship Armor Level 3, Siege Tank  
  157  13:38  Command Center  
  157  13:40  Command Center, Siege Tank  
  160  13:43  Supply Depot  
  160  13:46  Hellion  
  161  13:55  Cyclone  
  160  14:00  Siege Tank x2  
  160  14:02  Siege Tank  
  167  14:07  Cyclone  
  170  14:13  Siege Tank  
  170  14:15  Cyclone x2, Hellion  
  181  14:24  Viking x2  
  181  14:27  Cyclone  
  188  14:32  Hellion  
  188  14:34  Hellion x2  
  188  14:37  Hellion  
  196  14:48  Cyclone  
  199  14:54  Orbital Command x2  
  197  15:02  Hellion, Siege Tank x2  
  197  15:03  Hellion  
  197  15:06  Hellion x2, Siege Tank x2  
  170  15:11  Orbital Command  
  164  15:20  Hellion  
  164  15:24  Hellion x2  
  164  15:28  Hellion x2  
  172  15:34  Hellion x2  
  176  15:38  Cyclone x2  
  176  15:42  Hellion  
  184  15:45  Cyclone, Hellion  
  184  15:49  Cyclone, Hellion  
  194  15:54  Orbital Command  
  194  15:55  Cyclone  
  194  15:56  Cyclone  
  183  16:03  Hellion  
  145  16:06  Cyclone  
  145  16:07  Refinery  
  145  16:09  Refinery  
  145  16:10  Cyclone x2  
  145  16:11  Hellion  
  156  16:17  Hellion  
  158  16:21  Hellion  
  158  16:24  Cyclone  
  163  16:28  Hellion  
  163  16:32  Hellion  
  158  16:42  Liberator x2  
  138  16:58  Siege Tank x4  
  138  16:59  Hellion x5  
  133  17:20  Hellion x2  
  133  17:21  Hellion  
  145  17:30  Hellion, Siege Tank x2  
  145  17:35  Siege Tank  
  152  17:41  Hellion x2  
  158  17:49  Factory Tech Lab x2  
  158  17:50  Factory Tech Lab  
  143  17:51  Siege Tank  
  137  18:02  Liberator x2, Siege Tank x2  
  137  18:03  Cyclone x2  
  129  18:07  Hellion  
  129  18:10  Orbital Command  
  125  18:18  Hellion, Siege Tank x2  
  136  18:24  Hellion  
  141  18:29  Hellion  
  143  18:39  Hellion x2, Siege Tank x2  
  143  18:40  Hellion  
  139  18:47  Orbital Command  
  133  19:13  Refinery, SCV x2  
  133  19:14  SCV  
  133  19:15  Refinery  
  136  19:20  Hellion x2  
  149  19:47  Thor x3  
  149  19:48  Hellion x2  
  149  19:52  Viking  
  164  19:55  Viking  
  166  20:18  Thor x2  
  166  20:19  Hellion x3  
  184  20:30  Viking x2  
  188  20:38  Hellion x2, Siege Tank x2  
  169  20:45  Siege Tank  
  130  20:52  Thor x5  
  130  20:55  SCV x2  
  112  20:58  Hellion  
  112  20:59  Siege Tank x2  
  112  21:01  Siege Tank  
  123  21:14  Hellion x2, Siege Tank x2  
  133  21:28  Hellion x2  
  133  21:32  Hellion x2  
  141  21:36  Siege Tank x2  
  147  21:49  Hellion x4  
  159  21:54  Hellion x2  
  159  22:06  Cyclone  
  159  22:08  Cyclone, Hellion  
  167  22:19  Hellion x4  
  134  22:54  Thor x3  
  134  22:55  Viking  
  142  23:06  Thor  
  148  23:25  Thor  
  148  23:30  Viking x2  
  152  23:48  Thor  
  158  23:57  Thor  
  164  24:08  Viking  
  166  24:20  Viking  
  166  24:21  Hellion  
  170  24:38  Viking  
Tags
 
Add a new tag
Caveats
  • Supply blocks, unpowered buildings, or Contaminate may cause inaccurate times.
  • Supply counts are checked every 10 seconds.